 Dungeon Crawl Stone Soup version 0.27.0-1-g7a089689b8 (console) character file.

Game seed: 8588830964300721751

144 om the Magician (level 5, -3/37 HPs)
             Began as a Djinni Fire Elementalist on Aug 3, 2021.
             Killed from afar by an orc wizard (5 damage)
             ... with a magic dart
             ... on level 1 of the Dungeon.
             The game lasted 00:14:45 (3931 turns).

om the Magician (Djinni Fire Elementalist)          Turns: 3931, Time: 00:14:46

Health: -3/37      AC:  3    Str:  7    XL:     5   Next: 51%
Gold:   122        EV: 13    Int: 17    God:
                   SH:  0    Dex: 14

rFire    + + .     SeeInvis .     - Unarmed
rCold    x . .     Faith    .   (no shield)
rNeg     . . .     Spirit   .   a - +0 robe
rPois    ∞         Reflect  .   (helmet currently unavailable)
rElec    .         Harm     .   c - +0 cloak
rCorr    .         Rampage  .   (no gloves)
Will     .....                  (boots unavailable)
Stlth    ++........             (no amulet)
HPRegen  0.12/turn              (no ring)
MPRegen  0.00/turn              (no ring)

@: appendages, flying
A: horns 2, flying, sickness immunity, fire resistance 2, cold vulnerability 1,
float, innate caster, hp casting, extra vitality 1
a: End Transformation


You were on level 1 of the Dungeon.
You had temporarily grown beastly horns.
You visited 1 branch of the dungeon, and saw 3 of its levels.

You collected 122 gold pieces.

Inventory:

Armour
 a - a +0 robe (worn)
 c - a +0 cloak (worn)
Magical Staves
 h - a staff of earth
Scrolls
 b - a scroll of silence {unknown}
 e - a scroll of enchant weapon {unknown}
 f - a scroll of immolation {unknown}
 g - a scroll of enchant armour {unknown}
Potions
 j - a potion of invisibility {unknown}


   Skills:
 + Level 1.3 Fighting
 - Level 3.0 Dodging
 + Level 2.3 Stealth
 - Level 1.1 Unarmed Combat
 * Level 3.5 Spellcasting


You couldn't memorise any spells.
You knew the following spells:

 Your Spells              Type           Power      Damage    Failure   Level
a - Foxfire               Conj/Fire      60%        2x1d7     4%          1
b - Conjure Flame         Conj/Fire      15%        6-21      12%         3
c - Inner Flame           Hex/Fire       15%        N/A       12%         3
d - Sticky Flame          Conj/Fire      15%        2d4       36%         4
e - Fireball              Conj/Fire      7%         3d5       73%         5
f - Beastly Appendage     Tmut           30%        N/A       4%          1
g - Corpse Rot            Necr/Air       N/A        N/A       6%          2
Your spell library was empty.

Dungeon Overview and Level Annotations

Branches:
Dungeon (3/15)

Altars:


Innate Abilities, Weirdness & Mutations

You have temporarily grown beastly horns.
You are flying.
You are immune to sickness and miasma.
You are immune to poison.
Your flesh is very heat resistant. (rF++)
You are vulnerable to cold. (rC-)
You float through the air rather than walking.
You learn spells naturally, not from books.
Your magical power is your life essence.
You have superior vitality. (+4 HP)


Message History

You grow a pair of large bovine horns.
The foxfire hits the orc wizard.
The orc wizard is lightly wounded.
The orc wizard hits you with a +0 dagger.
You hit the orc wizard but do no damage.
The orc wizard is lightly wounded.
The orc wizard points at you and mumbles some strange words.
You are confused.
You hit the orc wizard but do no damage.
The orc wizard is lightly wounded.
The orc wizard misses you.
You hit the orc wizard but do no damage.
The orc wizard is lightly wounded.
The orc wizard hits you with a +0 dagger.
* * * LOW HITPOINT WARNING * * *
You're too confused to move!
The orc wizard hits you with a +0 dagger.
* * * LOW HITPOINT WARNING * * *
You bump into the rock wall.
The orc wizard hits you with a +0 dagger.
* * * LOW HITPOINT WARNING * * *
You bump into the rock wall.
The orc wizard hits you with a +0 dagger.
* * * LOW HITPOINT WARNING * * *
You're too confused to move!
You feel less confused. The orc wizard closely misses you.
You hit the orc wizard but do no damage.
The orc wizard is lightly wounded.
The orc wizard hits you with a +0 dagger.
* * * LOW HITPOINT WARNING * * *
Casting: Foxfire (safe; 4% risk of failure)
Press: ? - help, Q - select action, (/) - cycle Dir - look around, f - activate You conjure some foxfire!
* * * LOW HITPOINT WARNING * * *
The orc wizard hits you with a +0 dagger.
* * * LOW HITPOINT WARNING * * *
Your foxfire dissipates!
The orc wizard points at you and mumbles some strange words.
The magic dart hits you.
You die...

### ## ##># .# ##..#
.### ##...# ...##
#...## ....## #..##
.....### ##..#
.......# #######..##
....##.###.......##
....##.....#####.#
....#...#.### #@#
......###...# #.#
...#### ###.####o#
....# #...#..# ....#
###.#.## ....##
###...###### .....##
#....>.....# ......###
#..........#
........###..........#
....##...#.........>.#
###.###>.............#


You could see an orc wizard.

Vanquished Creatures
  An orc priest (D:3)
  4 gnolls
  2 adders (D:2)
  2 dart slugs
  2 orcs (D:3)
  5 ball pythons
  4 endoplasms
  3 giant cockroaches
  4 goblins
  3 hobgoblins
  4 jackals (D:1)
  7 kobolds
  2 quokkas (D:2)
  3 frilled lizards
  3 rats
49 creatures vanquished.

Vanquished Creatures (others)
  131 foxfires
131 creatures vanquished.

Grand Total: 180 creatures vanquished

Notes
Turn   | Place    | Note
-------+----------+-------------------------------------------
     0 | D:1      | om the Djinni Fire Elementalist began the quest for the
                  | Orb.
     0 | D:1      | Reached XP level 1. HP: 15/15 MP: 0/0
   259 | D:1      | Reached XP level 2. HP: 15/21 MP: 0/0
   711 | D:1      | Reached XP level 3. HP: 23/25 MP: 0/0
   711 | D:1      | Learned a level 1 spell: Beastly Appendage
  2063 | D:2      | Reached XP level 4. HP: 23/31 MP: 0/0
  2467 | D:2      | Reached skill level 1 in Fighting
  2499 | D:2      | Reached skill level 1 in Unarmed Combat
  2573 | D:2      | Reached XP level 5. HP: 30/37 MP: 0/0
  2573 | D:2      | Learned a level 2 spell: Corpse Rot
  3931 | D:1      | Killed from afar by an orc wizard

Illustrated notes

Levels and vault maps discovered:
D:1:      nzn_arrival_crosshair, layout_rooms, minmay_unequal
D:2:      layout_basic
D:3:      layout_rooms, st_stairs_3

Skill      XL: |  1  2  3  4  5 |
---------------+----------------+-----
Spellcasting   | 3 |  3.5
Stealth        | 2 |  2.3
Fighting       | 1 |  1.3
Unarmed Combat | 1 |  1.1
Dodging        | 3 |  3.0

Action                   |  1- 3 |  4- 6 || total
-------------------------+-------+-------++-------
Melee: Unarmed           |    23 |    69 ||    92
       Headbutt          |     2 |     1 ||     3
 Cast: Foxfire           |    38 |    41 ||    79
       Beastly Appendage |     4 |     4 ||     8
  Use: Potion            |       |     2 ||     2
Armor: Robe              |     7 |    23 ||    30
Dodge: Dodged            |    31 |    49 ||    80
